 Dungeon Crawl Stone Soup version 0.27-a0-277-g024f7ef292 (webtiles) character file.

Game seed: 18324592837629146153

585 lawman0 the Digger (level 7, -1/62 HPs)
             Began as an Ogre Earth Elementalist on Feb 6, 2021.
             Slain by an ogre
             ... wielding a +0 giant club
              (17 damage)
             ... on level 4 of the Dungeon.
             The game lasted 00:08:40 (5648 turns).

lawman0 the Digger (Ogre Earth Elementalist)        Turns: 5648, Time: 00:08:41

Health: -1/62      AC:  3    Str: 13    XL:     7   Next: 37%
Magic:  9/14       EV: 10    Int: 18    God:
Gold:   193        SH:  0    Dex:  9    Spells: 6/16 levels left

rFire    . . .     SeeInvis .   i - +0 rapier (freeze)
rCold    . . .     Faith    .   (no shield)
rNeg     . . .     Spirit   .   c - +0 robe
rPois    .         Reflect  .   (helmet restricted)
rElec    .         Harm     .   (no cloak)
rCorr    .         Rampage  .   (gloves unavailable)
Will     ++...                  (boots unavailable)
Stlth    ++........             (no amulet)
HPRegen  0.20/turn              f - ring of willpower
MPRegen  0.14/turn              h - ring of willpower

@: lethally poisoned (-1 -> -20), berserk cooldown, slowed, very slow
A: large, unfitting armour, tough skin 1
a: no special abilities


You were on level 4 of the Dungeon.
You visited 1 branch of the dungeon, and saw 4 of its levels.
You also visited: Sewer.

You collected 193 gold pieces.

Inventory:

Hand Weapons
 i - a +0 rapier of freezing (weapon)
 q - a +1 flail of draining
Missiles
 e - 4 javelins
Armour
 c - a +0 robe (worn)
Jewellery
 f - a ring of willpower (left hand)
 h - a ring of willpower (right hand)
Wands
 n - a wand of acid (6)
Scrolls
 a - 2 scrolls of teleportation {unknown}
 b - 2 scrolls of enchant armour {unknown}
 d - a scroll of remove curse {unknown}
 j - 2 scrolls of fear
 l - a scroll of random uselessness
 r - a scroll of magic mapping
Potions
 g - a potion of heal wounds
 k - 6 potions of flight
 o - a potion of haste {unknown}
 p - a potion of degeneration
 s - a potion of curing {unknown}


   Skills:
 + Level 1.6 Fighting
 + Level 2.9 Dodging
 + Level 1.8 Stealth
 + Level 5.2 Spellcasting
 + Level 0.1 Conjurations
 + Level 1.1 Transmutations
 * Level 5.5 Earth Magic


You had 6 spell levels left.
You knew the following spells:

 Your Spells              Type           Power        Failure   Level
a - Sandblast             Erth           48%          1%          1
b - Passwall              Tmut/Erth      13%          4%          2
c - Stone Arrow           Conj/Erth      28%          12%         3
d - Petrify               Tmut/Erth      16%          32%         4

Your spell library contained the following spells:

 Spells                   Type           Power        Failure   Level
 Lee's Rapid Deconstruct  Erth           12%          36%         5


Dungeon Overview and Level Annotations

Branches:
Dungeon (4/15)              Sewer (visited)
 Temple: D:4-7

Altars:
Nemelex Xobeh
Ru

Annotations:
D:4 Dowan


Innate Abilities, Weirdness & Mutations

You are too large for most types of armour.
You have tough skin. (AC +1)


Message History

The shard of ice hits you!!
You feel your anger nearly subside.
You are no longer berserk.
You are exhausted.
You feel yourself slow down. Dowan hits you but does no damage.
You are more poisoned.
Unknown command.
You hit Dowan. You freeze Dowan.
Dowan is severely wounded.
You feel sick.
Dowan hits you with a +0 dagger of venom.
You are lethally poisoned!
You barely miss Dowan.
Dowan is severely wounded.
* * * LOW HITPOINT WARNING * * *
You feel very sick.
Dowan gestures wildly while chanting.
Dowan seems to speed up.
Dowan casts a spell.
Dowan blinks!
The ogre hits you with a +0 giant club!
You die...

#.#.##........#.....
#.#.##............##
#.#.##..............
#.#.##..............
#.#.##......†####.#.
#####.#†###.#.......#.#.
........# # #.#..#....#.
........# #.#..#..####
......O@# #.####......
#####'#§....#...........
#.#.....########)###
.................##.
..........e.........>
..............#....##.
### ########## ##.#.##.
#.#..#. ..#..#.


You could see an ogre and Dowan (fast).

Vanquished Creatures
  Duvessa (D:4)
  2 bullfrogs
  An orc priest (D:4)
  4 worker ants (D:4)
  3 gnolls (D:4)
  6 adders
  A river rat (D:3)
  5 oozes
  3 worms
  A dart slug (D:1)
  12 leopard geckos
  3 orcs (D:4)
  4 giant cockroaches
  9 goblins
  10 hobgoblins
  12 jackals
  A quokka (D:4)
  5 ball pythons
  14 bats
  7 frilled lizards
  A jackal skeleton (D:4)
  3 kobolds
  8 rats
116 creatures vanquished.

Notes
Turn   | Place    | Note
-------+----------+-------------------------------------------
     0 | D:1      | lawman0 the Ogre Earth Elementalist began the quest for the
                  | Orb.
     0 | D:1      | Reached XP level 1. HP: 16/16 MP: 3/3
    92 | D:1      | Reached skill level 1 in Transmutations
   186 | D:1      | Reached XP level 2. HP: 21/24 MP: 1/5
   262 | D:1      | Learned a level 2 spell: Passwall
   667 | D:1      | Reached XP level 3. HP: 31/31 MP: 5/7
   676 | D:1      | sick
   954 | D:1      | Learned a level 3 spell: Stone Arrow
  1816 | D:2      | Reached XP level 4. HP: 35/39 MP: 5/8
  2228 | D:3      | Found a glowing drain.
  2233 | Sewer    | Entered a sewer
  2563 | Sewer    | Learned a level 4 spell: Petrify
  2954 | Sewer    | Reached XP level 5. HP: 43/46 MP: 10/10
  3357 | D:3      | Reached skill level 1 in Fighting
  3712 | D:3      | Reached XP level 6. HP: 52/55 MP: 6/12
  4146 | D:3      | Found a sparkling altar of Nemelex Xobeh.
  4590 | D:4      | Reached skill level 5 in Earth Magic
  4859 | D:4      | Found a sacrificial altar of Ru.
  5065 | D:4      | Reached XP level 7. HP: 34/62 MP: 4/14
  5371 | D:4      | Noticed Duvessa
  5381 | D:4      | Killed Duvessa
  5382 | D:4      | Reached skill level 5 in Spellcasting
  5468 | D:4      | Noticed Dowan
  5648 | D:4      | Slain by an ogre

Illustrated notes

## .# ## # .# #.
.# .# #.###.# .#
#[.#..# .# #.@.#
.# #.### .# #.#
.# #.# .#
#.####.# .#
#......# .#
#####..# .#
######..#
)########.......#


Turn 676 on D:1: sick

Levels and vault maps discovered:
D:1:      dpeg_arrival_three_same_balls, layout_loops_ring, bh_walls_and_bars
D:2:      layout_basic
D:3:      layout_basic, gup_sewer_entry_spiral, nemelex_diamond_rough_becter
D:4:      layout_basic, old_standard_altar, serial_shops, shop,
          grunt_ministairs_9, uniq_duvessa

Skill      XL: |  1  2  3  4  5  6  7 |
---------------+----------------------+-----
Transmutations | 1 |  1.1
Earth Magic    | 3 4 5 |  5.5
Spellcasting   | 3 4 5 |  5.2
Dodging        | 2 |  2.9
Fighting       | 1 |  1.6
Stealth        | |  1.8
Conjurations   | |  0.1

Action                   |  1- 3 |  4- 6 |  7- 9 || total
-------------------------+-------+-------+-------++-------
Melee: Rapier            |     4 |   138 |    11 ||   153
       Dagger            |     4 |       |       ||     4
 Cast: Sandblast         |    58 |    66 |       ||   124
       Stone Arrow       |       |     6 |     8 ||    14
  Use: Scroll            |     2 |     7 |       ||     9
       Potion            |       |     1 |     3 ||     4
 Stab: Sleeping          |     1 |       |       ||     1
Armor: Robe              |     6 |    87 |     3 ||    96
Dodge: Dodged            |    16 |   139 |     9 ||   164

Table legend: (Time is in decaauts)
 A = Elapsed time spent in this place.
 B = Non-inter-level travel time spent in this place.
 C = Inter-level travel time spent in this place.
 D = Time resting spent in this place.
 E = Time spent auto-exploring this place.
 F = Levels seen in this place.
 G = Mean time per level.
                   A        B        C        D        E       F      G
               +--------+--------+--------+--------+--------+-----+--------+
         Total |   5829 |   5732 |     97 |    848 |   3874 |   5 | 1165.8 |
       Dungeon |   4703 |   4606 |     97 |    573 |   3344 |   4 | 1175.8 |
         Sewer |   1125 |   1125 |      0 |    275 |    530 |   1 | 1125.0 |
               +--------+--------+--------+--------+--------+-----+--------+

Top non-repeatable levels by time:
     D:3: 1723 daAuts
   Sewer: 1125 daAuts
     D:1: 1115 daAuts
     D:2: 989 daAuts
     D:4: 876 daAuts
